 Dungeon Crawl Stone Soup version 0.17-a0-1939-ga475588 (webtiles) character file.

52527 mcbry74 the Phalangite (level 14, 0/111 HPs)
             Began as a Merfolk Berserker on Sept 28, 2015.
             Was a High Priest of Trog.
             Slain by Donald
             ... wielding a +3 scimitar of electrocution
              (17 damage)
             ... on level 2 of the Elven Halls on Sept 29, 2015.
             The game lasted 02:57:17 (18490 turns).

mcbry74 the Phalangite (Merfolk Berserker)         Turns: 18490, Time: 02:57:17

Health: 0/111      AC: 12    Str: 21    XL:     14   Next: 64%
Magic:  14/14      EV: 17    Int:  7    God:    Trog [*****.]
Gold:   779        SH:  0    Dex: 19    Spells: 0 memorised, 13 levels left

rFire  + . .     SeeInvis .     N - +3 demon trident (vamp)
rCold  + . .     Clarity  .     H - +2 chain mail {rN+}
rNeg   + . .     SustAt   .     (no shield)
rPois  .         Gourm    .     j - +0 helmet
rElec  +         Spirit   .     (no cloak)
rCorr  .         Warding  .     u - +0 pair of gloves
rMut   .         Stasis   .     (no boots)
MR     +....                    t - amulet of faith
Stlth  ..........               w - ring of protection from fire
                                I - ring of Norpho {*Drain Dex+5 Slay+3 Stlth+}

@: exhausted, slowed, very slow, somewhat resistant to hostile enchantments,
extremely unstealthy
A: change form in water, swift swim, repulsion field 1, breathe flames 1, cold
resistance 1, electricity resistance
a: Burn Spellbooks, Berserk, Trog's Hand, Brothers in Arms, Renounce Religion,
Breathe Fire


You were on level 2 of the Elven Halls.
You worshipped Trog.
Trog was extremely pleased with you.
You were not hungry.

You visited 4 branches of the dungeon, and saw 17 of its levels.
You visited the Abyss 1 time.

You collected 1674 gold pieces.
You spent 895 gold pieces at shops.

Inventory:

Hand weapons
 x - a +4 halberd of protection
 E - a +3 trident of venom
 J - a +2 antimagic demon trident
 N - a +3 vampiric demon trident (weapon)
 P - a +6 trident of venom
 Q - a +1 halberd of venom
 R - a +2 trident of protection
Missiles
 a - 2 steel tomahawks (quivered)
 m - 12 javelins of returning
 C - 4 poisoned javelins
 G - 8 needles of sleeping
 L - 9 tomahawks
 S - a silver javelin
 T - 9 javelins of penetration
Armour
 j - a +0 helmet (worn)
 r - a +3 buckler of protection
 u - a +0 pair of gloves (worn)
 H - a +2 chain mail of positive energy (worn)
Jewellery
 p - a +3 ring of protection
 q - an uncursed amulet of guardian spirit
 t - an amulet of faith (around neck)
 w - a ring of protection from fire (right hand)
 y - a cursed ring of teleportation
 F - an uncursed ring of flight
 I - the ring of Norpho (left hand) {*Drain Dex+5 Slay+3 Stlth+}
   (You bought it in a shop on level 2 of the Orcish Mines)

   [ring of slaying]

   It affects your dexterity (+5).
   It affects your accuracy and damage with ranged weapons and melee attacks
   (+3).
   It causes draining when unequipped.
   It makes you more stealthy.
Magical devices
 n - a wand of digging (20)
 K - a wand of teleportation (4)
 M - a wand of slowing (25)
 W - a wand of fire (7)
Scrolls
 f - 5 scrolls of identify
 i - 6 scrolls of remove curse
 s - a scroll of blinking {unknown}
 A - a scroll of amnesia
 D - a scroll of recharging
Potions
 b - a potion of flight
 e - a potion of magic
 h - a potion of berserk rage
 k - a potion of curing
 l - 3 potions of agility
 o - 3 potions of lignification
 z - 2 potions of might
 B - a potion of brilliance
 O - 3 potions of mutation
Comestibles
 c - 3 bread rations
 d - 2 fruits
 g - a meat ration


   Skills:
 + Level 10.8 Fighting
 * Level 22.3 Polearms
 + Level 11.0 Throwing
 - Level 2.1 Armour
 + Level 10.8 Dodging
 - Level 1.0 Stealth
 + Level 7.7 Shields


You had 13 spell levels left.
You didn't know any spells.

Dungeon Overview and Level Annotations

Branches:
Dungeon (10/15)            Temple (1/1) D:7             Orc (4/4) D:10
    Elf (2/3) Orc:3
   Lair: D:8-11

Altars:
Cheibriados
Dithmenos
Elyvilon
Fedhas
Gozag
Kikubaaqudgha
Makhleb
Nemelex Xobeh
Okawaru
Qazlal
Ru
Sif Muna
Trog
Vehumet
Xom
Yredelemnul
Zin
The Shining One

Shops:
D:7 (   D:9 }   Orc:2 *}=!   Orc:4 (?:[   Elf:2 ?

Annotations:
Elf:2 Donald


Innate Abilities, Weirdness & Mutations

You revert to your normal form in water.
You are very nimble and swift while swimming.
You are surrounded by a mild repulsion field (EV +2).
You can breathe flames.
Your flesh is cold resistant.
You are resistant to electric shocks.


Message History

Okay, then.
Throwing (i - inventory. (,) - cycle):
a - 3 steel tomahawks (quivered)
Press: ? - help, Shift-Dir - straight line, f/p - Donald
Aim: Donald, wielding a scimitar of electrocution, wearing a chain mail and wearing a shield You throw a steel tomahawk.
The steel tomahawk completely misses Donald.
Donald drinks a potion.
Donald goes berserk!
Donald closely misses you.
Donald hits you with a scimitar of electrocution!!
* * * LOW HITPOINT WARNING * * *
Donald closely misses you.
A scimitar of holy wrath comes into view.
Donald hits you with a scimitar of electrocution!
* * * LOW HITPOINT WARNING * * *
Read which item? (? for menu, Esc to quit)
Okay, then.
Use which ability?
You fail to use your ability.
Donald hits you with a scimitar of electrocution!
You die...

*,,,,....(...##...............
*,,,,,(.......................
*,,,,,#.......................
*,,,,**#..(...................
*,,,,* #.............#........
*,,,** *#)(.........###.......
*,,,** ##..........## ##......
*,.,,*##)...........###.......
*,...(#)....@@.......#........
*#.....)))....................
##.....##(..##...##...##.....
##...#*##.####.####.####.#.#
####* ### ### ### #####


You could see Donald (berserk) and 2 dancing weapons.

Vanquished Creatures
  A draconian shifter (Abyss:1)
  A stone giant (Orc:4)
  A balrug (Abyss:1)
  A deep elf death mage (Elf:2)
  Josephine (D:10)
  A great orb of eyes (Abyss:1)
  3 ogre magi (Orc:4)
  10 dancing weapons (Elf:2)
  7 deep elf knights
  A sun demon (Abyss:1)
  An ice devil (Abyss:1)
  8 deep elf summoners
  An orc knight (Orc:1)
  An ugly thing (D:9)
  7 deep elf conjurers
  A cyclops (D:10)
  A smoke demon (Abyss:1)
  4 deep elf priests
  A demonic crawler (Abyss:1)
  3 red devils (Abyss:1)
  2 ancient zymes (Abyss:1)
  A troll (D:10)
  10 two-headed ogres (Orc:4)
  A ynoxinul (Abyss:1)
  Sigmund (D:3)
  3 wraiths (D:10)
  8 deep elf magi
  A large abomination (Abyss:1)
  13 deep elf fighters
  6 wolves (Orc:2)
  8 wargs
  An ice beast (D:10)
  A black bear (D:10)
  An eye of draining (Abyss:1)
  A phantom (D:10)
  13 orc warriors
  A sky beast (D:6)
  14 ogres
  3 centaurs
  6 big kobolds
  6 giant frogs
  A gnoll sergeant (D:7)
  4 scorpions
  2 small abominations (Abyss:1)
  10 wights
  8 killer bees
  A centaur skeleton (D:10)
  2 giant frog zombies
  A jelly (D:6)
  A giant frog skeleton (D:5)
  3 hounds
  18 orc wizards
  11 orc priests
  9 worker ants
  2 iguanas
  Robin (D:2)
  19 adders
  12 gnolls
  A shadow imp (D:10)
  A white imp (Abyss:1)
  An ooze (D:2)
  An adder zombie (D:6)
  5 adder skeletons
  3 worms
  126 orcs
  4 giant cockroaches
  13 hobgoblins
  5 jackals
  A ball python (D:5)
  5 bats
  2 giant geckos
  5 giant newts
  15 goblins
  49 kobolds
  4 quokkas
  4 rats
506 creatures vanquished.

Vanquished Creatures (collateral kills)
  A lich (Abyss:1)
  2 deep elf sorcerers
  An orc high priest (Elf:1)
  3 dancing weapons (Elf:2)
  An ogre mage (Orc:4)
  2 deep elf knights (Elf:2)
  A giant orange brain (Abyss:1)
  4 deep elf conjurers
  An elephant (shapeshifter) (Elf:2)
  3 two-headed ogres (Orc:4)
  3 deep elf magi
  Eustachio (D:4)
  7 deep elf fighters
  2 wargs (Elf:1)
  4 orc warriors
  12 ogres (Orc:4)
  An orc priest (Orc:1)
  2 orc wizards (Orc:1)
  9 orcs
60 creatures vanquished.

Vanquished Creatures (others)
  A big kobold (D:7)
  A scorpion (D:7)
  An iguana (D:7)
  5 sheep (D:6)
  6 kobolds (D:7)
  A lurking horror (Abyss:1)
15 creatures vanquished.

Grand Total: 581 creatures vanquished

Notes
Turn   | Place    | Note
--------------------------------------------------------------
     0 | D:1      | mcbry74 the Merfolk Berserker began the quest for the Orb.
     0 | D:1      | Reached XP level 1. HP: 18/18 MP: 1/1
   187 | D:1      | Found a glowing golden altar of the Shining One.
   514 | D:2      | Reached XP level 2. HP: 24/24 MP: 2/2
   518 | D:2      | Noticed Robin
   524 | D:2      | Reached skill level 5 in Polearms
   530 | D:2      | Killed Robin
   530 | D:2      | Reached XP level 3. HP: 30/30 MP: 3/3
   535 | D:2      | Acquired Trog's second power
   995 | D:2      | Reached XP level 4. HP: 37/37 MP: 4/4
  1255 | D:2      | Reached skill level 6 in Polearms
  1871 | D:3      | Reached XP level 5. HP: 42/42 MP: 3/5
  1898 | D:3      | Found an ancient bone altar of Kikubaaqudgha.
  2046 | D:3      | Noticed Sigmund
  2062 | D:3      | Killed Sigmund
  2062 | D:3      | Reached skill level 7 in Polearms
  2062 | D:3      | Reached XP level 6. HP: 49/49 MP: 6/6
  2335 | D:3      | Reached skill level 1 in Stealth
  2506 | D:3      | Noticed a big kobold
  2537 | D:3      | Killed a big kobold
  2647 | D:3      | Noticed a big kobold
  2663 | D:3      | Killed a big kobold
  2663 | D:3      | Reached skill level 8 in Polearms
  2663 | D:3      | Reached XP level 7. HP: 55/55 MP: 7/7
  2820 | D:3      | Noticed a big kobold
  2837 | D:3      | Noticed a big kobold
  2839 | D:3      | Killed a big kobold
  2842 | D:3      | Acquired Trog's third power
  2862 | D:3      | Killed a big kobold
  2862 | D:3      | Reached skill level 5 in Fighting
  2862 | D:3      | Reached skill level 5 in Dodging
  2862 | D:3      | Reached skill level 1 in Shields
  3217 | D:3      | Reached skill level 9 in Polearms
  3238 | D:3      | Noticed a big kobold
  3252 | D:3      | Killed a big kobold
  3565 | D:4      | Reached skill level 1 in Throwing
  3565 | D:4      | Reached XP level 8. HP: 60/62 MP: 8/8
  4042 | D:4      | Noticed Eustachio
  4072 | D:4      | Killed Eustachio
  4072 | D:4      | Reached skill level 10 in Polearms
  4271 | D:5      | Entered Level 5 of the Dungeon
  4957 | D:6      | Found a shimmering altar of Xom.
  5088 | D:6      | Reached skill level 11 in Polearms
  5302 | D:6      | Gained mutation: You are resistant to electric shocks. [potion of beneficial mutation]
  5387 | D:6      | Reached XP level 9. HP: 69/69 MP: 9/9
  5431 | D:6      | You fall through a shaft!
  6026 | D:6      | Reached skill level 12 in Polearms
  6383 | D:7      | Found Toyfuf's Antique Weapon Boutique.
  6513 | D:7      | Received a gift from Trog
  6845 | D:7      | Reached skill level 13 in Polearms
  7142 | D:7      | Found a staircase to the Ecumenical Temple.
  7151 | Temple   | Entered the Ecumenical Temple
  7665 | D:8      | Found a sparkling altar of Nemelex Xobeh.
  7665 | D:8      | Found a glowing silver altar of Zin.
  7902 | D:8      | Reached XP level 10. HP: 77/77 MP: 10/10
  8315 | D:9      | Found Mots's Quality Used Wands.
  8415 | D:9      | Found an iron altar of Okawaru.
  8415 | D:9      | Found a shadowy altar of Dithmenos.
  8446 | D:9      | Found a glowing golden altar of the Shining One.
  8451 | D:9      | Reached skill level 5 in Throwing
  8682 | D:9      | Noticed a purple ugly thing
  8708 | D:9      | Killed a purple ugly thing
  9097 | D:10     | Entered Level 10 of the Dungeon
  9155 | D:10     | Gained mutation: You are surrounded by a mild repulsion field (EV +2). [potion of beneficial mutation]
  9534 | D:10     | Reached skill level 14 in Polearms
  9588 | D:10     | Found a staircase to the Orcish Mines.
  9621 | D:10     | Noticed a cyclops
  9658 | D:10     | Killed a cyclops
 10319 | D:10     | Received a gift from Trog
 10398 | D:10     | Noticed Josephine
 10425 | D:10     | Killed Josephine
 10425 | D:10     | Reached skill level 5 in Shields
 10430 | D:10     | Reached skill level 15 in Polearms
 10432 | D:10     | Reached XP level 11. HP: 84/84 MP: 11/11
 10654 | Orc:1    | Entered Level 1 of the Orcish Mines
 10928 | Orc:1    | Received a gift from Trog
 11624 | Orc:2    | Found Omuokew's Distillery.
 11644 | Orc:2    | Found Migrehesm's Jewellery Emporium.
 11735 | Orc:2    | Found Joydghown's Gadget Shoppe.
 12190 | Orc:2    | Found Fupp's Assorted Antiques.
 12203 | Orc:2    | Bought the ring of Norpho {*Drain Dex+5 Slay+3 Stlth+} for 895 gold pieces
 12466 | Orc:1    | Received a gift from Trog
 12553 | Orc:1    | Noticed an orc knight
 12576 | Orc:1    | Killed an orc knight
 12576 | Orc:1    | Reached skill level 16 in Polearms
 13138 | Orc:3    | Found a staircase to the Elven Halls.
 13394 | Orc:4    | Entered Level 4 of the Orcish Mines
 13403 | Orc:4    | Noticed a stone giant
 13435 | Orc:4    | Killed a stone giant
 13498 | Orc:4    | Received a gift from Trog
 13554 | Orc:4    | Reached skill level 17 in Polearms
 13584 | Orc:4    | Received a gift from Trog
 13637 | Orc:4    | Noticed an ogre mage
 13648 | Orc:4    | Noticed an ogre mage
 13652 | Orc:4    | Noticed an ogre mage
 13659 | Orc:4    | Killed an ogre mage
 13663 | Orc:4    | Received a gift from Trog
 13665 | Orc:4    | Killed an ogre mage
 13665 | Orc:4    | Reached XP level 12. HP: 93/93 MP: 12/12
 13686 | Orc:4    | Reached skill level 18 in Polearms
 13696 | Orc:4    | Killed an ogre mage
 13765 | Orc:4    | Found Wureh's Weapon Boutique.
 13765 | Orc:4    | Found Sasaliur's Magic Scroll Emporium.
 13767 | Orc:4    | Found Laniad's Book Emporium.
 13767 | Orc:4    | Found Qicyrch's Armour Shop.
 13935 | Orc:4    | Noticed an ogre mage
 13949 | Orc:4    | Killed an ogre mage
 14127 | Orc:4    | Received a gift from Trog
 14642 | Elf:1    | Entered Level 1 of the Elven Halls
 15105 | Elf:1    | Reached skill level 19 in Polearms
 15203 | Elf:1    | Found an ancient bone altar of Kikubaaqudgha.
 15288 | Elf:1    | Reached XP level 13. HP: 85/101 MP: 4/13
 15344 | Elf:1    | Received a gift from Trog
 15658 | Elf:1    | Noticed a deep elf sorcerer
 15666 | Elf:1    | Cast into the Abyss (a deep elf sorcerer)
 15701 | Abyss:1  | Noticed a lich
 15710 | Abyss:1  | Killed a lich
 15856 | Abyss:1  | Reached skill level 20 in Polearms
 15868 | Abyss:1  | Reached skill level 10 in Throwing
 15945 | Abyss:1  | Noticed a balrug
 15961 | Abyss:1  | Killed a balrug
 15994 | Abyss:1  | HP: 4/101 [large abomination[a giant orange brain] (27)]
 15995 | Abyss:1  | Received a gift from Trog
 16060 | Abyss:1  | Noticed a red draconian shifter
 16089 | Abyss:1  | Killed a red draconian shifter
 16207 | Abyss:1  | Noticed a tentacled starspawn
 16235 | Elf:1    | Escaped the Abyss
 16246 | Elf:1    | Killed a deep elf sorcerer
 16527 | Elf:1    | Identified Ikats's Catalogue of Attacks
 16738 | Elf:1    | Reached skill level 10 in Dodging
 16811 | Elf:1    | Noticed an orc high priest
 16816 | Elf:1    | Killed an orc high priest
 16816 | Elf:1    | Received a gift from Trog
 16962 | Elf:1    | HP: 7/154 [poisoned by a redback]
 16964 | Elf:1    | HP: 1/103 [poisoned by a redback]
 17348 | Elf:1    | Gained mutation: You can breathe flames. [potion of mutation]
 17348 | Elf:1    | Gained mutation: Your flesh is cold resistant. [potion of mutation]
 17355 | Elf:1    | Upgraded the game from 0.17-a0-1923-gc35365e to 0.17-a0-1939-ga475588
 17432 | Elf:2    | Reached skill level 21 in Polearms
 17447 | Elf:2    | Reached skill level 10 in Fighting
 17634 | Elf:2    | Reached XP level 14. HP: 100/110 MP: 4/14
 17663 | Elf:2    | Found Qastey's Magic Scroll Boutique.
 17680 | Elf:2    | Noticed a deep elf death mage
 17693 | Elf:2    | Killed a deep elf death mage
 17741 | Elf:2    | Found a runed gate.
 17741 | Elf:2    | Found a runed gate.
 17742 | Elf:2    | Found a runed gate.
 17781 | Elf:2    | Received a gift from Trog
 17811 | Elf:2    | Noticed a deep elf sorcerer
 17825 | Elf:2    | Killed a deep elf sorcerer
 17850 | Elf:2    | Received a gift from Trog
 18014 | Elf:2    | Reached skill level 22 in Polearms
 18457 | Elf:2    | Received a gift from Trog
 18482 | Elf:2    | Noticed Donald
 18490 | Elf:2    | Slain by Donald

Vault maps used:
D:1:      wheals_arrival_shading, tso_metal_star
D:2:      minmay_misc_feat_enclosed, grunt_decor_cap,
          kennysheep_cross_bottleneck, uniq_robin
D:3:      minmay_goblin_kobold_castle, kiku_gazebo_pond_becter, uniq_sigmund
D:4:      first_bread, uniq_eustachio
D:6:      kb_xom_exploding_sheep
D:7:      lemuel_temple_firewalk_marked, serial_shops, shop
D:8:      gammafunk_temple_overflow_wave, supply_closet_lemuel
D:9:      nicolae_overflow_hidden_temple, nicolae_for_you_no_charge
D:10:     minmay_orc_entry_guard_dogs, uniq_josephine
Temple:   circular_temple_12
Orc:1:    nicolae_orc_accident_1
Orc:2:    serial_shops, nicolae_shop_behind_doors, nicolae_shop_waterfront,
          nicolae_shop_stone, nicolae_shop_stone, mines5_lemuel
Orc:3:    nicolae_orc_pool_cavern
Orc:4:    st_orc_ogre_mass
Elf:1:    minmay_elf_arrival_circle, basic_altar, minmay_elf_sorcery
Elf:2:    serial_shops, nicolae_shop_behind_doors, minmay_crystal_room,
          item_on_display_b, uniq_donald

Action                   |  1- 3 |  4- 6 |  7- 9 | 10-12 | 13-15 || total
-------------------------+-------+-------+-------+-------+-------++-------
Melee: Spear             |    88 |   260 |   696 |   324 |       ||  1368
       Trident           |       |       |     3 |   277 |    89 ||   369
       Demon trident     |       |       |       |   185 |   220 ||   405
       Halberd           |       |       |       |    11 |       ||    11
Throw: Javelin           |       |     3 |   107 |    69 |    63 ||   242
       Throwing net      |       |       |     3 |     5 |       ||     8
       Tomahawk          |       |       |       |   102 |    28 ||   130
Invok: Berserk           |     2 |     3 |     4 |     5 |     7 ||    21
       Trog's Hand       |       |       |     3 |     7 |    16 ||    26
       Brothers in Arms  |       |       |     1 |     3 |     9 ||    13
       Burn Spellbooks   |       |       |       |       |     1 ||     1
 Abil: Breathe Fire      |       |       |       |       |     1 ||     1
  Use: Scroll            |     1 |     1 |    11 |     9 |     4 ||    26
       Potion            |       |     1 |    11 |     3 |     6 ||    21
 Stab: Sleeping          |       |     1 |     1 |       |       ||     2
       Invisible         |       |       |    13 |       |       ||    13
       Held in net/web   |       |       |     1 |       |       ||     1
       Distracted        |       |       |       |     1 |       ||     1
  Eat: Chunk             |     1 |     4 |    19 |    12 |     4 ||    40
       Bread ration      |       |     1 |       |     1 |     3 ||     5
       Pizza             |       |       |     1 |       |     1 ||     2
       Beef jerky        |       |       |     2 |       |       ||     2
       Meat ration       |       |       |       |     3 |     2 ||     5
       Fruit             |       |       |       |     1 |       ||     1
